 Dungeon Crawl Stone Soup version 0.26-a0-712-ga5a9c9c9d0 (webtiles) character file.

Game seed: 9473012560895052550

(classic levelgen) 1859 EnegeticOcto the Chopper (level 8, -2/74 HPs)
             Began as a Deep Dwarf Fighter on Nov 4, 2020.
             Was a Follower of Makhleb.
             Slain by Harold
             ... wielding a +0 battleaxe
              (11 damage)
             ... on level 7 of the Dungeon.
             The game lasted 00:03:00 (3797 turns).

EnegeticOcto the Chopper (Deep Dwarf Fighter)       Turns: 3797, Time: 00:03:00

Health: -2/74      AC: 14    Str: 27    XL:     8   Next: 89%
Magic:  10/10      EV:  5    Int: 10    God:    Makhleb [*.....]
Gold:   292        SH: 12    Dex: 12    Spells: 7/7 levels left

rFire    . . .     SeeInvis .   a - +1 war axe
rCold    . . .     Faith    .   c - +1 kite shield
rNeg     . . .     Spirit   .   s - +0 plate armour
rPois    .         Reflect  .   (no helmet)
rElec    .         Harm     .   (no cloak)
rCorr    .         Rampage  .   (no gloves)
MR       +....                  b - +0 pair of boots
Stlth    ..........             (no amulet)
HPRegen  0.00/turn              f - +6 ring of strength
MPRegen  0.12/turn              (no ring)

@: marked, non-regenerating
A: damage resistance, heal wounds, sense surroundings 1, no regeneration
a: Heal Wounds, Renounce Religion


You were on level 7 of the Dungeon.
You worshipped Makhleb.
Makhleb was aware of your devotion.
You visited 2 branches of the dungeon, and saw 8 of its levels.
You also visited: Ossuary.

You collected 379 gold pieces.
You spent 87 gold pieces at shops.

Inventory:

Hand Weapons
 a - a +1 war axe (weapon)
Armour
 b - a +0 pair of boots (worn)
 c - a +1 kite shield (worn)
 s - a +0 plate armour (worn)
Jewellery
 f - a +6 ring of strength (left hand)
Wands
 g - a wand of polymorph (7)
 n - a wand of iceblast (7) {@v2}
Scrolls
 e - 4 scrolls of remove curse {@r2}
 r - a scroll of enchant weapon
 t - 2 scrolls of fog
 u - 3 scrolls of teleportation {@r3}
Potions
 d - 3 potions of might {@q3}
 i - 4 potions of resistance {@q5}
 k - 2 potions of stabbing
 l - 2 potions of heal wounds {@q2}
 m - 2 potions of cancellation
 o - 2 potions of berserk rage
 p - a potion of haste {@q4}
 q - a potion of flight {unknown}
 v - a potion of degeneration {unknown}


   Skills:
 + Level 5.1 Fighting
 * Level 7.7 Axes
 + Level 6.1 Armour
 + Level 6.2 Shields
 * Level 5.3 Invocations


You had 7 spell levels left.
You didn't know any spells.
Your spell library was empty.

Dungeon Overview and Level Annotations

Branches:
Dungeon (7/15)             Temple (1/1) D:5         Ossuary (visited)

Altars:
Ashenzari
Cheibriados
Dithmenos
Elyvilon
Fedhas
Gozag
Hepliaklqana
Kikubaaqudgha
Makhleb
Qazlal
Ru
Sif Muna
Trog
Vehumet
Wu Jian
Xom
Yredelemnul
The Shining One

Shops:
D:6 *

Annotations:
D:2 1 runed translucent door, Crazy Yiuf
D:6 1 runed translucent door, 2 transporters, p0werm0de's ghost, novice DDFi
D:7 Harold


Innate Abilities, Weirdness & Mutations

You are resistant to damage.
You can heal yourself by infusing magical energy.
You passively map a small area around you.
You do not regenerate.


Message History

You are too injured to fight recklessly!
You are too injured to fight recklessly!
You are too injured to fight recklessly!
You are too injured to fight recklessly!
You are too injured to fight recklessly!
You are too injured to fight recklessly!
You are too injured to fight recklessly!
You are too injured to fight recklessly!
You feel much better. You block Harold's attack.
Your shield and plate armour prevent you from hitting Harold.
Harold is moderately wounded.
You block Harold's attack.
You hit Harold.
Harold is moderately wounded.
Harold hits you with a +0 battleaxe!!
You hit Harold but do no damage.
Harold is moderately wounded.
You block Harold's attack.
You hit Harold.
Harold is heavily wounded.
Harold hits you with a +0 battleaxe.
You are too injured to fight recklessly!
You are too injured to fight recklessly!
You are too injured to fight recklessly!
You are too injured to fight recklessly!
You are too injured to fight recklessly!
You are too injured to fight recklessly!
You are too injured to fight recklessly!
You are too injured to fight recklessly!
You are too injured to fight recklessly!
You are too injured to fight recklessly!
You are too injured to fight recklessly!
You are too injured to fight recklessly!
You are too injured to fight recklessly!
You are too injured to fight recklessly!
You are too injured to fight recklessly!
You are too injured to fight recklessly!
You are too injured to fight recklessly!
You are too injured to fight recklessly!
You are too injured to fight recklessly!
You feel much better.
You hit Harold but do no damage.
Harold is heavily wounded.
Harold hits you with a +0 battleaxe.
You slash Harold!
Harold is heavily wounded.
Harold barely misses you.
You hit Harold.
Harold is severely wounded.
You block Harold's attack.
You hit Harold.
Harold is severely wounded.
Harold hits you but does no damage.
You barely miss Harold.
Harold is severely wounded.
Harold hits you with a +0 battleaxe.
You barely miss Harold.
Harold is severely wounded.
Harold hits you with a +0 battleaxe!
You hit Harold but do no damage.
Harold is severely wounded.
Harold hits you with a +0 battleaxe!
* * * LOW HITPOINT WARNING * * *
You are too injured to fight recklessly!
You are too injured to fight recklessly!
You are too injured to fight recklessly!
You are too injured to fight recklessly!
You hit Harold.
Harold is severely wounded.
Harold hits you with a +0 battleaxe!
* * * LOW HITPOINT WARNING * * *
You closely miss Harold.
Harold is severely wounded.
Harold hits you with a +0 battleaxe.
* * * LOW HITPOINT WARNING * * *
You slash Harold!
Harold is almost dead.
You closely miss Harold.
Harold is almost dead.
You block Harold's attack.
Your shield and plate armour prevent you from hitting Harold.
Harold is almost dead.
Harold hits you with a +0 battleaxe.
* * * LOW HITPOINT WARNING * * *
You completely miss Harold.
Harold is almost dead.
Harold says, "Ah, this is what I got into this business for!"
Harold gestures at you while chanting. A sentinel's mark forms upon you.
You barely miss Harold.
Harold is almost dead.
Harold gestures at you while chanting. The mark upon you grows brighter.
You hit Harold.
Harold is almost dead.
Harold casts a spell at you. The mark upon you grows brighter.
Harold pauses a moment, imagining something with a smile on his face.
Harold hits you with a +0 battleaxe!
You die...

#.# , # #.#
# #.# ,,, *
# #.# *,, ,
* ,# #.# *,
,* , # #.#,*
..######
###.#
........
#...#,*
#.######
###@# , , ,
, #
#@........ ,
#
*#..#.....#
, , #
*..........
*, # #(...
..#.# *
##.#..#.#,#,
, , #( .. ..
*** #. #..
.. , * , , ,


You could see Harold.

Vanquished Creatures
  Sigmund (D:2)
  A steam dragon (D:7)
  A water moccasin (D:7)
  An orc warrior (D:5)
  An ice beast (D:5)
  A phantom (D:5)
  A centaur (D:6)
  A gnoll sergeant (D:7)
  A bullfrog (D:7)
  A scorpion (D:7)
  A centaur zombie (D:7)
  4 hounds
  A centaur skeleton (D:4)
  A jelly (D:6)
  4 orc priests
  4 orc wizards
  5 worker ants
  2 iguanas
  A killer bee zombie (D:7)
  14 gnolls
  8 adders
  A white imp (D:7)
  An ooze (D:4)
  4 ufetubi
  4 adder skeletons
  A dart slug (D:5)
  3 leopard geckos
  22 orcs
  A giant cockroach (D:2)
  A goblin (D:3)
  4 jackals
  2 quokkas
  A jackal skeleton (D:4)
  A leopard gecko skeleton (D:5)
  An orc skeleton (Ossuary)
  A quokka zombie (D:7)
  2 rats
  A rat zombie (D:7)
106 creatures vanquished.

Notes
Turn   | Place    | Note
-------+----------+-------------------------------------------
     0 | D:1      | EnegeticOcto the Deep Dwarf Fighter began the quest for the
                  | Orb.
     0 | D:1      | Reached XP level 1. HP: 20/20 MP: 1/1
    21 | D:2      | Found a stormy altar of Qazlal.
    68 | D:2      | Reached XP level 2. HP: 27/27 MP: 2/2
    96 | D:2      | Found a runed translucent door.
    97 | D:2      | Noticed Crazy Yiuf
   118 | D:2      | Noticed Sigmund
   130 | D:2      | Killed Sigmund
   130 | D:2      | Reached skill level 4 in Axes
   130 | D:2      | Reached XP level 3. HP: 11/34 MP: 3/3
   130 | D:2      | Reached XP level 4. HP: 13/42 MP: 4/4
   130 | D:2      | Reached XP level 5. HP: 16/49 MP: 5/5
   452 | D:4      | You fall into a shaft and drop 3 floors!
   457 | D:7      | Found a sand-covered staircase.
   465 | Ossuary  | Entered an ossuary
   523 | Ossuary  | Noticed a wraith
   523 | Ossuary  | Noticed a flying skull
   555 | Ossuary  | Noticed a flying skull
   558 | Ossuary  | Noticed a flying skull
   689 | D:6      | Found a basalt altar of Yredelemnul.
   689 | D:6      | Noticed a yak
   801 | D:6      | Found a shimmering blue altar of Sif Muna.
   801 | D:6      | Found a blossoming altar of Fedhas.
   803 | D:6      | Noticed a centaur
   812 | D:6      | Killed a centaur
   812 | D:6      | Reached XP level 6. HP: 35/57 MP: 6/6
   833 | D:6      | Noticed p0werm0de's ghost (novice DDFi)
   835 | D:6      | Found a runed translucent door.
   868 | D:6      | Found Deful's Assorted Antiques.
   875 | D:6      | Bought a scroll labeled TEGUHO MEPESE for 29 gold pieces
   875 | D:6      | Bought a scroll labeled WUR FEQOZXEOLE for 29 gold pieces
   875 | D:6      | Bought a scroll labeled DOITYC ZONAE for 29 gold pieces
   900 | D:6      | Reached skill level 5 in Axes
   903 | D:5      | Entered Level 5 of the Dungeon
  1504 | D:4      | Reached XP level 7. HP: 37/64 MP: 7/7
  1530 | D:4      | Reached skill level 5 in Shields
  1576 | D:4      | Reached skill level 5 in Armour
  1625 | D:4      | Reached skill level 6 in Axes
  1870 | D:5      | Found a staircase to the Ecumenical Temple.
  1880 | Temple   | Entered the Ecumenical Temple
  1923 | Temple   | Became a worshipper of Makhleb the Destroyer
  1965 | D:5      | Reached skill level 1 in Invocations
  2209 | D:5      | Reached XP level 8. HP: 40/73 MP: 8/8
  2285 | D:5      | Reached * piety under Makhleb
  2507 | D:5      | Reached skill level 7 in Axes
  3090 | D:6      | Found a transporter.
  3099 | D:6      | Found a transporter.
  3426 | D:7      | Found a burning altar of Makhleb.
  3526 | D:7      | Reached skill level 5 in Fighting
  3548 | D:7      | Found a shadowy altar of Dithmenos.
  3558 | D:7      | Reached skill level 5 in Invocations
  3746 | D:7      | Noticed Harold
  3797 | D:7      | Slain by Harold

Illustrated notes

Levels and vault maps discovered:
D:1:      dpeg_arrival_pits, layout_basic
D:2:      layout_loops_cross, nemelex_xobeh_ov_fountains_minmay,
          nicolae_qazlal_general_emergency, uniq_sigmund, uniq_terence,
          uniq_crazy_yiuf_cottage
D:3:      layout_loops_corners, trog_three_pillars_becter, uniq_grinder
D:4:      layout_gridville, chequers_serial_rivers_small_3
D:5:      minmay_diamond_boxcup, layout_gridville, minmay_temple_entry_wispy,
          minivault_27, minmay_increasing_density
D:6:      layout_basic, gammafunk_temple_overflow_arena,
          chequers_temple_overflow_statue_of_worship,
          hellmonk_ghost_happy_afterlife, serial_shops, shop
D:7:      layout_basic, nicolae_dithmenos_the_darkroom, enter_ossuary_4,
          bloody_makhleb, uniq_harold
Temple:   nicolae_temple_elliptical

Skill      XL: |  1  2  3  4  5  6  7  8 |
---------------+-------------------------+-----
Fighting       | 3 4 5 |  5.1
Axes           | 4 5 6 7 |  7.7
Armour         | 4 5 6 |  6.1
Shields        | 4 5 6 |  6.2
Invocations    | 2 5 |  5.3

Action                   |  1- 3 |  4- 6 |  7- 9 || total
-------------------------+-------+-------+-------++-------
Melee: War axe           |    15 |    90 |   266 ||   371
 Abil: Heal Wounds       |       |     4 |    17 ||    21
  Use: Scroll            |       |    10 |     5 ||    15
Armor: Scale mail        |     4 |    44 |    16 ||    64
       Chain mail        |       |       |    40 ||    40
       Plate armour      |       |       |    92 ||    92
Dodge: Dodged            |     1 |    28 |    71 ||   100
Block: Kite shield       |     2 |    61 |   197 ||   260

Table legend: (Time is in decaauts)
 A = Elapsed time spent in this place.
 B = Non-inter-level travel time spent in this place.
 C = Inter-level travel time spent in this place.
 D = Time resting spent in this place.
 E = Time spent auto-exploring this place.
 F = Levels seen in this place.
 G = Mean time per level.
                   A        B        C        D        E       F      G
               +--------+--------+--------+--------+--------+-----+--------+
         Total |   3898 |   3704 |    194 |      0 |   2739 |   9 |  433.1 |
       Dungeon |   3668 |   3493 |    175 |      0 |   2681 |   7 |  524.0 |
        Temple |     63 |     44 |     19 |      0 |     26 |   1 |   63.0 |
       Ossuary |    166 |    166 |      0 |      0 |     32 |   1 |  166.0 |
               +--------+--------+--------+--------+--------+-----+--------+

Top non-repeatable levels by time:
     D:5: 1075 daAuts
     D:4: 1066 daAuts
     D:7: 690 daAuts
     D:6: 486 daAuts
     D:2: 235 daAuts
 Ossuary: 166 daAuts
     D:3: 114 daAuts
  Temple: 63 daAuts
     D:1: 2 daAuts
